 Dungeon Crawl Stone Soup version 0.25-a0-857-g60a0bcd8b5 (webtiles) character file.

Game seed: 3447786728575072562, levelgen mode: deterministic

211550 mortelune the Markscentaur (level 18, -12/166 HPs)
             Began as a Centaur Hunter on Apr 26, 2020.
             Was the Champion of Okawaru.
             Mangled by Arachne
             ... wielding the +9 staff of Olgreb {rPois∞}
              (28 damage)
             ... on level 3 of the Spider Nest.
             The game lasted 01:43:01 (47148 turns).

mortelune the Markscentaur (Centaur Hunter)        Turns: 47148, Time: 01:43:01

Health: -12/166    AC: 42    Str: 27      XL:     18   Next: 21%
Magic:  18/24      EV:  4    Int: 10      God:    Okawaru [******]
Gold:   1493       SH:  0    Dex: 13 (14) Spells: 17/17 levels left

rFire    . . .     SeeInvis +   b - +5 glaive "Haufor" {vorpal, Str+6}
rCold    . . .     Gourm    .   (shield currently unavailable)
rNeg     . . .     Faith    .   R - +10 shadow dragon scales of the Stars {MR+ Regen+ Dex+2 Stlth++++}
rPois    .         Spirit   .   i - +2 helmet
rElec    .         Reflect  +   H - +2 cloak
rCorr    .         Harm     .   L - +2 pair of gloves
MR       ++...                  U - +2 centaur barding {Fly}
Stlth    ++++......             m - +4 amulet of reflection
HPRegen  0.77/turn              P - ring of see invisible
MPRegen  0.19/turn              K - +4 ring of slaying

@: lethally poisoned (-12 -> -12), about to teleport, heroism, finesse, flying,
held, very quick
A: large, hooves 3, deformed body, speed 2, tough skin 3
}: 1/15 runes: decaying
a: Heroism, Finesse, Renounce Religion, Stop Flying


You were on level 3 of the Spider Nest.
You worshipped Okawaru.
Okawaru was exalted by your worship.
You were not hungry.

You visited 6 branches of the dungeon, and saw 31 of its levels.
You visited 1 bazaar.
You also visited: Bailey.

You collected 2844 gold pieces.
You spent 1351 gold pieces at shops.

Inventory:

Hand Weapons
 a - a +4 longbow of freezing
 b - the +5 glaive "Haufor" (weapon) {vorpal, Str+6}
   (Okawaru gifted it to you on level 6 of the Lair of Beasts)

   It inflicts extra damage upon your enemies.
   It affects your strength (+6).
 w - the +3 glaive "Hoc Vode" {flame, rElec rF+ SInv}
   (Okawaru gifted it to you on level 2 of the Swamp)

   It has been specially enchanted to burn those struck by it, causing extra
   injury to most foes and up to half again as much damage against particularly
   susceptible opponents.
   Big, fiery blades are also staple armaments of hydra-hunters.
   It protects you from fire.
   It insulates you from electricity.
   It lets you see invisible.
 y - the +6 great mace of Tihukk {pain, *Rage rPois rC+++ Int+5}
   (You found it on level 2 of the Lair of Beasts)

   In the hands of one skilled in necromantic magic, it inflicts extra damage on
   living creatures.
   It affects your intelligence (+5).
   It renders you almost immune to cold.
   It protects you from poison.
   It may make you go berserk in combat.
Missiles
 d - 486 arrows
Armour
 g - +0 acid dragon scales
 i - a +2 helmet (worn)
 k - a scarf of repulsion
 v - a +2 plate armour of cold resistance
 H - a +2 cloak (worn)
 L - a +2 pair of gloves (worn)
 N - +0 swamp dragon scales
 R - the +10 shadow dragon scales of the Stars (worn) {MR+ Regen+ Dex+2 Stlth++++}
   (Okawaru gifted it to you on level 13 of the Dungeon)

   It affects your dexterity (+2).
   It affects your resistance to hostile enchantments.
   It increases your rate of regeneration.
   It makes you much more stealthy.
 U - a +2 centaur barding of flying (worn)
Jewellery
 m - a +4 amulet of reflection (around neck)
 F - an uncursed amulet of magic regeneration
 I - an uncursed ring of magical power
 K - a +4 ring of slaying (right hand)
 P - a ring of see invisible (left hand)
 Z - the ring of Shadows {Umbra +Inv Stlth+}
   (You bought it in a shop on level 5 of the Dungeon)

   [ring of stealth]

   It lets you turn invisible.
   It makes you more stealthy.
Wands
 c - a wand of digging (4)
 j - a wand of disintegration (16)
 n - a wand of acid (7)
 D - a wand of paralysis (13)
 O - a wand of polymorph (29)
 S - a wand of clouds (4)
 W - a wand of scattershot (7)
Scrolls
 e - 9 scrolls of remove curse
 h - a scroll of magic mapping
 p - 5 scrolls of amnesia
 q - 11 scrolls of teleportation
 s - 2 scrolls of noise
 u - a scroll of identify
 E - 5 scrolls of enchant armour
 V - a scroll of brand weapon
 Y - 2 scrolls of fog
Potions
 l - 5 potions of ambrosia
 o - 2 potions of mutation
 r - 7 potions of might
 t - 5 potions of curing
 x - 4 potions of stabbing
 A - a potion of berserk rage
 B - a potion of heal wounds
 C - a potion of resistance
 G - 6 potions of lignification
 J - 3 potions of brilliance {unknown}
 M - a potion of haste
 Q - 3 potions of cancellation
 T - a potion of invisibility
Comestibles
 f - 38 rations
 X - a chunk of flesh


   Skills:
 + Level 16.1(21.1) Fighting
 - Level 14.9(19.9) Polearms
 + Level 19.8(24.8) Bows
 + Level 7.5(12.5) Armour
 - Level 1.3(6.3) Dodging
 - Level 0.4(5.4) Stealth
 - Level 8.0 Invocations
 + Level 9.0 Evocations


You had 17 spell levels left.
You didn't know any spells.
Your spell library contained the following spells:

 Spells                   Type           Power        Failure   Level  Hunger
 Beastly Appendage        Tmut           #.....       83%         1    ##.....
 Foxfire                  Conj/Fire      #...         83%         1    ##.....
 Infusion                 Chrm           #...         83%         1    ##.....
 Summon Small Mammal      Summ           #...         83%         1    ##.....
 Call Imp                 Summ           #.......     93%         2    ###....
 Shroud of Golubria       Chrm/Tloc      #.....       93%         2    ###....
 Song of Slaying          Chrm           #.......     93%         2    ###....
 Sticks to Snakes         Tmut           #.......     93%         2    ###....
 Call Canine Familiar     Summ           #.......     99%         3    ####...
 Conjure Flame            Conj/Fire      #.......     99%         3    ####...
 Frozen Ramparts          Ice            #.....       99%         3    ####...
 Inner Flame              Hex/Fire       #.......     99%         3    ####...
 Ozocubu's Armour         Chrm/Ice       #.......     99%         3    ####...
 Spectral Weapon          Hex/Chrm       #.......     99%         3    ####...
 Spider Form              Tmut/Pois      #.........   99%         3    ####...
 Static Discharge         Conj/Air       #.......     99%         3    ####...
 Summon Guardian Golem    Hex/Summ       #.......     99%         3    ####...
 Hailstorm                Conj/Ice       #.......     100%        4    #####..
 Ice Form                 Ice/Tmut       #.......     100%        4    #####..
 Olgreb's Toxic Radiance  Pois           #.......     100%        4    #####..
 Sticky Flame             Conj/Fire      #.......     100%        4    #####..
 Summon Ice Beast         Ice/Summ       #.......     100%        4    #####..
 Summon Lightning Spire   Summ/Air       #.......     100%        4    #####..
 Blade Hands              Tmut           #.........   100%        5    ######.
 Bolt of Magma            Conj/Fire/Erth #.........   100%        5    ######.
 Fireball                 Conj/Fire      #.........   100%        5    ######.
 Iskenderun's Battlesphe  Conj/Chrm      #.......     100%        5    ######.
 Lightning Bolt           Conj/Air       #.........   100%        5    ######.
 Metabolic Englaciation   Hex/Ice        #.........   100%        5    ######.
 Silence                  Hex/Air        #.........   100%        5    ######.
 Conjure Ball Lightning   Conj/Air       #.........   100%        6    #######
 Iron Shot                Conj/Erth      #.........   100%        6    #######
 Orb of Destruction       Conj           #.........   100%        7    #######
 Spellforged Servitor     Conj/Summ      #.........   100%        7    #######
 Ignition                 Fire           #.........   100%        8    #######
 Shatter                  Erth           #.........   100%        9    #######
 Tornado                  Air            #.........   100%        9    #######


Dungeon Overview and Level Annotations

Branches:
Dungeon (15/15)            Temple (1/1) D:5            Lair (6/6) D:10
  Swamp (4/4) Lair:2       Spider (3/4) Lair:4        Slime (0/5) Lair:6
    Orc (2/2) D:12            Elf (0/3) Orc:2        Vaults (0/5) D:14
 Depths (0/5) D:15         Bailey (visited)

Altars:
Ashenzari
Cheibriados
Dithmenos
Elyvilon
Fedhas
Gozag
Hepliaklqana
Kikubaaqudgha
Makhleb
Nemelex Xobeh
Okawaru
Qazlal
Ru
Sif Muna
Trog
Uskayaw
Vehumet
Wu Jian
Xom
Yredelemnul
Zin
The Shining One
Beogh
Jiyva
Lugonu

Shops:
D:5 =   D:9 !   D:12 (   Orc:1 [?[[   Orc:2 *((!

Annotations:
D:3 Sigmund; zkyp's ghost, amateur DEFi
D:7 1 runed translucent door, Crazy Yiuf
Lair:1 3 runed translucent doors, sixsigma's ghost, journeyman GnWz
Spider:1 Gaotz's ghost, adept MiFi
Spider:2 2 transporters, Utoikh's ghost, journeyman DDFi
Spider:3 Agnes; Arachne


Innate Abilities, Weirdness & Mutations

You have hooves in place of feet.
Armour fits poorly on your strangely shaped body.
You cover ground very quickly.
You have extremely tough skin. (AC +3)


Message History

* * * LOW HITPOINT WARNING * * *
You are more poisoned.
Okay, then.
You feel much better.
* * * LOW HITPOINT WARNING * * *
You feel very sick.
Arachne stares at you and mumbles some strange words.
The poison arrow hits you but does no damage.
You are more poisoned.
Okay, then.
You feel better. Arachne hits you but does no damage. Arachne envenoms you!!
* * * LOW HITPOINT WARNING * * *
You are poisoned.
Arachne points her staff at you, shooting a stream of webbing.
The stream of webbing hits you but does no damage.
You are caught in a web!
As you read the scroll of teleportation, it crumbles to dust.
You feel strangely unstable.
You feel sick. Arachne hits you but does no damage. Arachne envenoms you!!
You die...

..........)...........
....................!.
............^.^.......
......................
.....^.^...†..........
^.....................
......................
....................<.
..##.^........@.......
.# ..........H...(....
..............s....
.......(.[.......^
..^..............
.................
................^
..(............


You could see Arachne and an orb spider.

Vanquished Creatures
  the Lernaean hydra (Swamp:4)
  Kirke (Lair:4)
  An azure jelly (Lair:6)
  Donald (Spider:1)
  A fire giant (D:15)
  An emperor scorpion (Spider:1)
  2 ghost moths
  2 entropy weavers (Spider:1)
  A spark wasp (Spider:2)
  The ghost of Tuthropu the Martial Artist, a journeyman HuAr of Cheibriados (Lair:2)
  4 vault guards (D:14)
  A ghost crab (Swamp:3)
  13 hydras
  3 catoblepae
  5 centaur warriors
  2 shambling mangroves (Swamp:2)
  4 two-headed ogres
  An ogre mage (D:15)
  A tengu warrior (D:15)
  4 death yaks
  11 alligators
  A queen ant (Spider:1)
  An orc high priest (Orc:1)
  2 unseen horrors
  A spriggan druid (Swamp:4)
  A wizard (D:14)
  6 swamp dragons (Swamp:4)
  A wolf spider zombie (D:15)
  7 orb spiders
  3 orc sorcerers
  6 ugly things
  17 wolf spiders
  3 orc knights
  2 cyclopes
  A manticore (D:14)
  A moth of wrath (Spider:1)
  15 elephants
  5 black mambas
  6 centaur zombies
  2 gargoyles (D:15)
  7 centaur skeletons
  2 torpor snails
  3 kobold demonologists (D:14)
  3 rime drakes
  13 spiny frogs
  5 demonic crawlers
  7 komodo dragons
  An efreet (D:15)
  7 yaktaurs (D:15)
  A tengu conjurer (D:15)
  3 meliai (D:14)
  4 trolls
  16 jumping spiders
  6 polar bears (Lair:6)
  18 hornets
  25 slime creatures
  12 tyrant leeches
  5 hippogriffs
  13 blink frogs
  A meliai zombie (D:15)
  6 dream sheep (Lair:6)
  8 bog bodies
  30 redbacks
  46 yaks
  A wraith (D:11)
  3 shadows
  17 tarantellas
  3 vampires
  22 spriggans
  A water elemental (D:15)
  5 basilisks
  2 wyverns
  A human (D:11)
  2 hogs (Spider:1)
  A hungry ghost (D:6)
  A steam dragon (D:9)
  17 vampire mosquitoes
  2 wargs
  8 insubstantial wisps
  4 soldier ants
  17 swamp worms
  2 acid dragons
  20 water moccasins
  4 black bears
  5 ice beasts
  9 swamp drakes
  35 orc warriors
  7 porcupines
  5 sky beasts
  An eye of draining (D:13)
  3 phantoms
  11 ogres
  9 boggarts
  33 wolves
  A necrophage (D:11)
  16 centaurs
  10 crocodiles
  2 big kobolds (D:14)
  17 bullfrogs
  8 gnoll sergeants (Bailey)
  A scorpion (D:11)
  8 electric eels
  4 howler monkeys
  8 crimson imps
  A quasit (D:11)
  7 jellies
  11 orc wizards
  13 hounds
  6 gnoll shamans (Bailey)
  10 orc priests
  2 bullfrog skeletons
  3 iguanas
  15 worker ants
  A hound skeleton (D:9)
  A worker ant zombie (D:11)
  17 gnolls
  A howler monkey skeleton (D:4)
  10 adders
  6 shadow imps
  An adder zombie (D:5)
  2 dart slugs
  7 leopard geckos
  78 orcs
  4 bats (D:1)
  7 giant cockroaches
  9 goblins
  7 hobgoblins
  6 jackals
  A ball python (D:4)
  A jackal zombie (D:8)
  12 kobolds
  A quokka skeleton (D:8)
  2 quokka zombies
  8 rats
960 creatures vanquished.

Vanquished Creatures (collateral kills)
  An orc (D:12)
1 creature vanquished.

Vanquished Creatures (others)
  A human (Spider:1)
  An orc warrior (Orc:2)
  A centaur (D:8)
  A jelly (D:11)
  24 fungi
  24 plants
52 creatures vanquished.

Grand Total: 1013 creatures vanquished

Notes
Turn   | Place    | Note
-------+----------+-------------------------------------------
     0 | D:1      | mortelune the Centaur Hunter began the quest for the Orb.
     0 | D:1      | Reached XP level 1. HP: 17/17 MP: 1/1
   416 | D:1      | Reached XP level 2. HP: 25/25 MP: 2/2
   950 | D:1      | Reached skill level 6 in Bows
   960 | D:1      | Reached XP level 3. HP: 27/30 MP: 3/3
  2168 | D:2      | Reached XP level 4. HP: 32/38 MP: 4/4
  2577 | D:3      | Noticed zkyp's ghost (amateur DEFi)
  3060 | D:3      | Noticed Sigmund
  3352 | D:4      | Reached skill level 7 in Bows
  3352 | D:4      | Reached XP level 5. HP: 36/46 MP: 5/5
  4362 | D:5      | Entered Level 5 of the Dungeon
  4444 | D:4      | Reached skill level 1 in Polearms
  4444 | D:4      | Reached XP level 6. HP: 37/53 MP: 6/6
  4840 | D:4      | Reached skill level 5 in Fighting
  5039 | D:5      | Reached XP level 7. HP: 58/61 MP: 7/7
  5306 | D:5      | Found a staircase to the Ecumenical Temple.
  5315 | Temple   | Entered the Ecumenical Temple
  5431 | Temple   | Became a worshipper of Warmaster Okawaru
  5800 | D:5      | Found Vuluomukk's Jewellery Boutique.
  6818 | D:7      | Noticed a hippogriff
  6986 | D:6      | Killed a hippogriff
  6986 | D:6      | Reached * piety under Okawaru
  6986 | D:6      | Reached skill level 5 in Polearms
  6986 | D:6      | Reached XP level 8. HP: 17/70 MP: 8/8
  7930 | D:6      | Paralysed by fainting for 7 turns
  8265 | D:7      | Found a runed translucent door.
  8266 | D:7      | Noticed Crazy Yiuf
  8901 | D:8      | Reached XP level 9. HP: 33/79 MP: 9/9
  9129 | D:8      | Reached ** piety under Okawaru
  9287 | D:8      | Noticed a two-headed ogre
  9390 | D:8      | Killed a two-headed ogre
 10255 | D:8      | Reached skill level 8 in Bows
 10264 | D:8      | Reached *** piety under Okawaru
 10837 | D:9      | Reached XP level 10. HP: 79/91 MP: 10/10
 11097 | D:9      | Reached skill level 9 in Bows
 11105 | D:9      | Reached **** piety under Okawaru
 11508 | D:9      | Found Duxzuf's Distillery.
 11511 | D:9      | Bought a potion of curing for 42 gold pieces
 11511 | D:9      | Bought a potion of heal wounds for 70 gold pieces
 11569 | D:9      | Found a shimmering blue altar of Sif Muna.
 11632 | D:10     | Entered Level 10 of the Dungeon
 12423 | D:9      | Reached skill level 10 in Bows
 12607 | D:10     | Reached skill level 10 in Polearms
 12749 | D:10     | Received a gift from Okawaru
 12874 | D:10     | Reached skill level 10 in Fighting
 12912 | D:10     | Reached ***** piety under Okawaru
 13362 | D:10     | Found a staircase to the Lair.
 13614 | D:11     | Found a flagged portal.
 13627 | Bailey   | Entered a bailey
 14412 | Bailey   | Reached skill level 11 in Bows
 14412 | Bailey   | Reached XP level 11. HP: 101/101 MP: 11/11
 14591 | Bailey   | Identified the +8 mace "Luokk" {vorpal, *Corrode +Fly MR+}
 15606 | D:10     | Received a gift from Okawaru
 16387 | D:11     | Noticed a cyan ugly thing
 16458 | D:10     | Killed a cyan ugly thing
 16458 | D:10     | Received a gift from Okawaru
 16693 | D:11     | Reached skill level 1 in Invocations
 17208 | D:11     | Reached skill level 12 in Bows
 17230 | D:11     | Received a gift from Okawaru
 19294 | D:12     | Found a roughly hewn altar of Beogh.
 19303 | D:12     | Found a staircase to the Orcish Mines.
 19356 | D:12     | Noticed a two-headed ogre
 19369 | D:12     | Killed a two-headed ogre
 19866 | D:12     | Noticed an unseen horror
 19874 | D:12     | Killed an unseen horror
 19874 | D:12     | Reached XP level 12. HP: 108/110 MP: 15/15
 20051 | D:12     | Found Onen's Antique Weapon Shop.
 20401 | D:5      | Bought the ring of Shadows {Umbra +Inv Stlth+} for 480 gold
                  | pieces
 20401 | D:5      | Found the ring of Shadows {Umbra +Inv Stlth+}
 20635 | Lair:1   | Entered Level 1 of the Lair of Beasts
 20816 | Lair:1   | Received a gift from Okawaru
 20816 | Lair:1   | Reached skill level 5 in Invocations
 21152 | Lair:1   | Reached skill level 13 in Bows
 21269 | Lair:1   | Received a gift from Okawaru
 21324 | Lair:1   | Found a runed translucent gate.
 21325 | Lair:1   | Found a runed translucent gate.
 21325 | Lair:1   | Found a runed translucent gate.
 21325 | Lair:1   | Noticed a 12-headed hydra
 21325 | Lair:1   | Noticed a 12-headed hydra
 21326 | Lair:1   | Noticed sixsigma's ghost (journeyman GnWz)
 21839 | Lair:1   | Reached ****** piety under Okawaru
 21851 | Lair:1   | Received a gift from Okawaru
 21922 | Lair:1   | Noticed a four-headed hydra
 21953 | Lair:1   | Killed a four-headed hydra
 23037 | Lair:2   | Received a gift from Okawaru
 23259 | Lair:2   | Got an ichor-stained great mace
 23261 | Lair:2   | Identified the +6 great mace of Tihukk {pain, *Rage rPois
                  | rC+++ Int+5} (You found it on level 2 of the Lair of
                  | Beasts)
 23296 | Lair:2   | Found a runed translucent gate.
 23296 | Lair:2   | Found a runed translucent gate.
 23296 | Lair:2   | Found a runed translucent gate.
 23298 | Lair:2   | Found a viscous altar of Jiyva.
 23298 | Lair:2   | Noticed Tuthropu's ghost (journeyman HuAr)
 23665 | Lair:2   | Found a staircase to the Swamp.
 23853 | Lair:3   | Noticed a catoblepas
 23874 | Lair:3   | Killed a catoblepas
 24074 | Lair:3   | Received a gift from Okawaru
 24314 | Lair:3   | Identified Sif Muna's Handbook of Glacial Intoxication
 24417 | Lair:3   | Noticed an eight-headed hydra
 24479 | Lair:2   | Reached skill level 14 in Bows
 24482 | Lair:2   | Received a gift from Okawaru
 24934 | Lair:3   | You are sucked into a shaft and drop 1 floor!
 24935 | Lair:4   | Noticed a death yak
 24935 | Lair:4   | Noticed a death yak
 24935 | Lair:4   | Noticed a death yak
 24948 | Lair:4   | Noticed a catoblepas
 24967 | Lair:4   | Noticed a death yak
 25636 | Lair:4   | Reached XP level 13. HP: 119/119 MP: 18/18
 25709 | Lair:4   | Received a gift from Okawaru
 26458 | Lair:4   | Found a hole to the Spider Nest.
 26533 | Lair:4   | Received a gift from Okawaru
 27630 | Lair:5   | Reached skill level 15 in Bows
 28054 | Lair:5   | Received a gift from Okawaru
 28207 | Lair:6   | Entered Level 6 of the Lair of Beasts
 28245 | Lair:6   | Found a runed translucent door.
 28246 | Lair:6   | Found a viscous altar of Jiyva.
 28246 | Lair:6   | Found a staircase to the Slime Pits.
 28246 | Lair:6   | Noticed an azure jelly
 28934 | Lair:6   | Received a gift from Okawaru
 28947 | Lair:6   | Got a transparent glaive {god gift}
 28948 | Lair:6   | Identified the +5 glaive "Haufor" {vorpal, Str+6} (Okawaru
                  | gifted it to you on level 6 of the Lair of Beasts)
 29628 | Lair:6   | Reached XP level 14. HP: 129/129 MP: 20/20
 29789 | Lair:6   | Reached skill level 1 in Evocations
 30055 | Lair:6   | Reached skill level 1 in Armour
 30095 | Lair:6   | Received a gift from Okawaru
 30346 | Lair:6   | Received a gift from Okawaru
 31182 | Lair:6   | Reached skill level 16 in Bows
 31553 | Lair:6   | Killed an azure jelly
 31553 | Lair:6   | Received a gift from Okawaru
 32089 | D:13     | Received a gift from Okawaru
 32093 | D:13     | Got twisted shadow dragon scales {god gift}
 32104 | D:13     | Identified the +10 shadow dragon scales of the Stars {MR+
                  | Regen+ Dex+2 Stlth++++} (Okawaru gifted it to you on level
                  | 13 of the Dungeon)
 33305 | D:14     | Found a gate to the Vaults.
 33740 | D:15     | Entered Level 15 of the Dungeon
 33759 | D:15     | Found a corrupted altar of Lugonu.
 33892 | D:15     | Found a flickering gateway to a bazaar.
 33899 | Bazaar   | Entered a bazaar
 33935 | Bazaar   | Found Izxownekh's Gadget Shop.
 33944 | Bazaar   | Found Foon's Antique Weapon Shop.
 33954 | Bazaar   | Found Nacvudd's Gadget Boutique.
 33964 | Bazaar   | Found Lyogon's Jewellery Shoppe.
 33996 | Bazaar   | Bought a wand of digging (5) for 324 gold pieces
 34012 | Bazaar   | Bought a wand of acid (7) for 330 gold pieces
 34436 | D:15     | Reached XP level 15. HP: 126/139 MP: 21/21
 34491 | D:15     | Found a staircase to the Depths.
 34492 | D:15     | Noticed a fire giant
 34733 | Orc:1    | Entered Level 1 of the Orcish Mines
 34833 | Orc:1    | Received a gift from Okawaru
 34913 | Orc:1    | Found Zegilotz's Antique Armour Shoppe.
 35042 | Orc:1    | Found Situu's Antique Armour Shoppe.
 35112 | Orc:1    | Found Nicuxyam's Magic Scroll Emporium.
 35134 | Orc:1    | Bought a scroll of enchant weapon for 105 gold pieces
 35253 | Orc:1    | Found Miewuomi's Antique Armour Shop.
 35292 | Orc:2    | Entered Level 2 of the Orcish Mines
 35292 | Orc:2    | Found a staircase to the Elven Halls.
 35509 | Orc:2    | Reached skill level 5 in Evocations
 35876 | Orc:2    | Reached skill level 17 in Bows
 35920 | Orc:2    | Found Ylamylul's Weapon Shop.
 35920 | Orc:2    | Found Hitiymede's Antique Weapon Shoppe.
 35924 | Orc:2    | Found Woroch's Distillery.
 35928 | Orc:2    | Found Omeinuikk's General Store.
 36542 | D:15     | Killed a fire giant
 37411 | Lair:2   | Killed Tuthropu's ghost
 37585 | Swamp:1  | Entered Level 1 of the Swamp
 38321 | Swamp:1  | Received a gift from Okawaru
 38400 | Swamp:1  | Reached skill level 5 in Armour
 39595 | Swamp:2  | Reached skill level 15 in Fighting
 39864 | Swamp:2  | Received a gift from Okawaru
 39894 | Swamp:2  | Got a slimy glaive {god gift}
 39895 | Swamp:2  | Identified the +3 glaive "Hoc Vode" {flame, rElec rF+ SInv}
                  | (Okawaru gifted it to you on level 2 of the Swamp)
 40411 | Swamp:2  | Got a scorched halberd
 40413 | Swamp:2  | Identified the +5 halberd of Sharkskin {pain, +Blink Str+2}
                  | (You found it on level 2 of the Swamp)
 40534 | Swamp:3  | Reached XP level 16. HP: 135/149 MP: 22/22
 41837 | Swamp:3  | Received a gift from Okawaru
 41962 | Swamp:4  | Entered Level 4 of the Swamp
 42191 | Swamp:4  | Received a gift from Okawaru
 42419 | Swamp:4  | Reached skill level 18 in Bows
 42698 | Swamp:4  | Received a gift from Okawaru
 42740 | Swamp:4  | Noticed the 27-headed Lernaean hydra
 42757 | Swamp:4  | Killed the 27-headed Lernaean hydra
 43136 | Swamp:4  | Got a decaying rune of Zot
 43644 | Spider:1 | Entered Level 1 of the Spider Nest
 43671 | Spider:1 | Noticed Kirke
 43695 | Lair:4   | Killed Kirke
 43763 | Spider:1 | Noticed Donald
 43789 | Spider:1 | Killed Donald
 43938 | Spider:1 | Received a gift from Okawaru
 43967 | Spider:1 | Got a warped glaive {god gift}
 43968 | Spider:1 | Identified the +3 glaive of Sasomn {elec, MR+ Int+3 Dex-5
                  | SInv} (Okawaru gifted it to you on level 1 of the Spider
                  | Nest)
 44131 | Spider:1 | You are sucked into a shaft and drop 1 floor!
 44323 | Spider:1 | Found a runed translucent door.
 44323 | Spider:1 | Noticed Gaotz's ghost (adept MiFi)
 45316 | Spider:1 | Got an iridescent triple sword
 45317 | Spider:1 | Identified the +10 triple sword of Karma {flame, rC- rN++
                  | Str+2 Int-4} (You found it on level 1 of the Spider Nest)
 45417 | Spider:2 | You are sucked into a shaft and drop 1 floor!
 45418 | Spider:3 | Noticed Agnes
 45553 | Spider:2 | Received a gift from Okawaru
 45787 | Spider:2 | Found a transporter.
 45831 | Spider:2 | Reached XP level 17. HP: 158/158 MP: 23/23
 45944 | Spider:2 | Received a gift from Okawaru
 46066 | Spider:2 | Found a transporter.
 46069 | Spider:2 | Noticed Utoikh's ghost (journeyman DDFi)
 46226 | Spider:2 | Received a gift from Okawaru
 46693 | Spider:3 | Received a gift from Okawaru
 46872 | Spider:3 | Reached skill level 19 in Bows
 47101 | Spider:3 | Reached XP level 18. HP: 166/166 MP: 24/24
 47131 | Spider:3 | Noticed Arachne
 47145 | Spider:3 | HP: 5/166 [Arachne/the +9 staff of Olgreb {rPois∞} (18)]
 47148 | Spider:3 | Mangled by Arachne

Levels and vault maps discovered:
D:1:      dpeg_arrival_rooms_c, layout_basic
D:2:      layout_loops_corners, hangedman_decor_opposing
D:3:      layout_loops_ring, gammafunk_ghost_stat_death, uniq_sigmund
D:4:      layout_loops_corners, serial_glass, glass_columns_a, glass_columns_b
D:5:      layout_basic, temple_fountains, serial_shops,
          nicolae_shop_statue_plus, first_ration
D:6:      layout_basic
D:7:      layout_rooms, uniq_crazy_yiuf_cottage
D:8:      layout_basic
D:9:      layout_irregular_city, led_sif_book, serial_shops,
          kennysheep_mini_moat
D:10:     layout_rooms, grunt_lair_entry_orc_guard_hut
D:11:     layout_cross, enter_bailey_1, hangedman_stone_soup,
          corexii_mini_fake_secret_closet
D:12:     layout_gridville, david_orc_5, serial_shops, shop
D:13:     layout_basic
D:14:     layout_roguey, lightli_vaults_fourway_checkpoint, minmay_hedge_maze
D:15:     grunt_enter_depths_giant_problem, layout_long_grid,
          nrook_pool_corridor, serial_shops, bzr_entry_road,
          hangedman_decor_points, grunt_ministairs_9, tgw_lugonu_bribe
Temple:   kilobyte_greek_temple
Lair:1:   layout_layer_cave, gammafunk_ghost_hydra_chop, grunt_megastairs_5
Lair:2:   layout_gridlike, nicolae_swamp_entry_splash_gauntlet,
          gammafunk_ghost_ooze, serial_bayou_crossing
Lair:3:   layout_chaotic_city, eino_small_chamber_without_monster,
          serial_bayou_lake_a
Lair:4:   layout_loops_ring, spider_nest_entry_web_field
Lair:5:   layout_big_grid, serial_bayou_shore_a
Lair:6:   minmay_lair_end_enchanted_forest, layout_regular_city, slime_altar_2,
          nicolae_lair_grove_arrangements, hangedman_lair_unloving_vines
Swamp:1:  layout_basic_swamp, nicolae_swamp_round_clearing
Swamp:2:  layout_basic_swamp, hangedman_swamp_ruin_hall, swamp_pool1
Swamp:3:  layout_basic_swamp, serial_swamp_ruin, evilmike_swamp_ruin_house_5,
          evilmike_swamp_ruin_house_4, hangedman_swamp_pad
Swamp:4:  swamp_old_school, layout_basic_swamp
Spider:1: layout_spider_delve, gammafunk_ghost_grave,
          nicolae_spider_ant_collections, uniq_kirke, uniq_donald
Spider:2: layout_spider_delve, gammafunk_ghost_berserking_beasts
Spider:3: layout_spider_delve, drop_trap, guppyfry_spider_mini_3, uniq_arachne,
          uniq_agnes
Orc:1:    layout_diamond_mine, serial_shops, nicolae_shop_overgrown_old_shop,
          nicolae_shop_overgrown_old_shop,
          nicolae_shop_temple_entry_statues_fountains,
          nicolae_shop_overgrown_old_shop, nicolae_orc_rockfall
Orc:2:    st_orc_rangers, layout_caves, statue_in_the_mist_lemuel

Skill      XL: |  1  2  3  4  5  6  7  8  9 10 11 12 13 14 15 16 17 |
---------------+----------------------------------------------------+-----
Bows           | 6 7 8 11 12 14 15 16 17 18 19 | 19.8
Fighting       | 3 4 5 6 7 9 10 11 12 13 14 15 16 | 16.1
Polearms       | 1 3 5 7 9 10 11 12 13 14 | 14.9
Invocations    | 4 7 8 |  8.0
Evocations     | 4 6 8 9 |  9.0
Armour         | 3 5 7 |  7.5
Dodging        | |  1.3
Stealth        | |  0.4

Action                   |  1- 3 |  4- 6 |  7- 9 | 10-12 | 13-15 | 16-18 || total
-------------------------+-------+-------+-------+-------+-------+-------++-------
Melee: Short sword       |   112 |       |       |       |       |       ||   112
       Kick              |    15 |    24 |    43 |    82 |   131 |    72 ||   367
       Falchion          |     5 |    86 |       |       |       |       ||    91
       Trident           |       |    92 |   195 |   124 |       |       ||   411
       Glaive            |       |       |       |   231 |   464 |   219 ||   914
       Longbow           |       |       |       |       |     1 |       ||     1
 Fire: Shortbow          |    36 |    22 |   256 |   991 |    27 |       ||  1332
       Longbow           |       |       |       |       |  1299 |   499 ||  1798
Throw: Dart              |       |       |       |     1 |       |       ||     1
Invok: Heroism           |       |       |     1 |     2 |    10 |     5 ||    18
       Finesse           |       |       |       |       |     9 |     4 ||    13
 Abil: Evoke Invisibilit |       |       |       |       |     1 |       ||     1
Evoke: Wand              |       |       |       |     4 |       |     1 ||     5
  Use: Scroll            |       |     6 |     3 |     8 |    15 |    11 ||    43
       Potion            |       |       |       |     4 |     2 |     6 ||    12
 Stab: Invisible         |       |       |       |     1 |       |       ||     1
       Sleeping          |       |       |       |     1 |     1 |       ||     2
       Distracted        |       |       |       |       |     1 |       ||     1
  Eat: Chunk             |     3 |     7 |    15 |    26 |    33 |    14 ||    98
       Ration            |       |       |     1 |     4 |     2 |     1 ||     8
Armor: Leather armour    |    29 |       |       |       |       |       ||    29
       Ring mail         |     9 |     7 |       |       |       |       ||    16
       Chain mail        |       |   118 |    99 |       |       |       ||   217
       Scale mail        |       |       |    51 |    65 |       |       ||   116
       Acid dragon scale |       |       |       |   299 |   208 |       ||   507
       Plate armour      |       |       |       |    40 |       |       ||    40
       Shadow dragon sca |       |       |       |       |   541 |   406 ||   947
Dodge: Dodged            |    47 |    40 |    56 |   172 |   262 |   105 ||   682
       Repelled          |     2 |     1 |       |       |    16 |       ||    19
Block: Other             |    23 |    30 |    40 |   115 |   152 |    51 ||   411
       Reflection        |     1 |       |     4 |     6 |    21 |     1 ||    33
       Rpst.: Falchion   |       |     3 |       |       |       |       ||     3

Table legend:
 A = Non-vault XP
 B = Vault XP
 C = Vault XP percentage of total XP
 D = Non-vault monster count
 E = Vault monster count
 F = Vault count percentage of total count
                 A         B        C        D         E       F
            +---------+---------+-------+---------+---------+-------
      Total |  172083 |   59856 |  25.8 |     745 |     218 |  22.6
            +---------+---------+-------+---------+---------+-------
        D:1 |      42 |       0 |   0.0 |      23 |       0 |   0.0
        D:2 |      66 |       0 |   0.0 |      25 |       0 |   0.0
        D:3 |      40 |       0 |   0.0 |      12 |       0 |   0.0
        D:4 |     438 |       0 |   0.0 |      13 |       0 |   0.0
        D:5 |     497 |       0 |   0.0 |      14 |       0 |   0.0
        D:6 |     778 |       0 |   0.0 |      15 |       0 |   0.0
        D:7 |     426 |       0 |   0.0 |       7 |       0 |   0.0
        D:8 |    2569 |       0 |   0.0 |      28 |       0 |   0.0
        D:9 |    2462 |     319 |  11.5 |      21 |       3 |  12.5
       D:10 |    3675 |     568 |  13.4 |      21 |       4 |  16.0
       D:11 |    3901 |     444 |  10.2 |      27 |       5 |  15.6
       D:12 |    4865 |     398 |   7.6 |      19 |      21 |  52.5
       D:13 |    4104 |       0 |   0.0 |      19 |       0 |   0.0
       D:14 |    7413 |    6182 |  45.5 |      27 |      12 |  30.8
       D:15 |   14425 |    3219 |  18.2 |      48 |       3 |   5.9
     Lair:1 |    4305 |    2028 |  32.0 |      21 |       9 |  30.0
     Lair:2 |    8890 |    2560 |  22.4 |      32 |      11 |  25.6
     Lair:3 |    7784 |       0 |   0.0 |      23 |       0 |   0.0
     Lair:4 |    7532 |    2155 |  22.2 |      21 |       1 |   4.5
     Lair:5 |    4536 |     347 |   7.1 |      18 |       3 |  14.3
     Lair:6 |   12055 |   10282 |  46.0 |      42 |      44 |  51.2
    Swamp:1 |    9261 |       0 |   0.0 |      23 |       0 |   0.0
    Swamp:2 |   14774 |       0 |   0.0 |      43 |       0 |   0.0
    Swamp:3 |    9517 |       0 |   0.0 |      30 |       0 |   0.0
    Swamp:4 |    5929 |   16111 |  73.1 |      18 |      18 |  50.0
   Spider:1 |    7656 |    8452 |  52.5 |      19 |      16 |  45.7
   Spider:2 |   21509 |       0 |   0.0 |      60 |       0 |   0.0
   Spider:3 |    6375 |       0 |   0.0 |      18 |       0 |   0.0
      Orc:1 |    4526 |       0 |   0.0 |      28 |       0 |   0.0
      Orc:2 |    1733 |    5586 |  76.3 |      30 |      38 |  55.9
     Bailey |       0 |    1205 | 100.0 |       0 |      30 | 100.0
            +---------+---------+-------+---------+---------+-------
